 Dungeon Crawl Stone Soup version 0.25.1-8-g42b30a86e7 (webtiles) character file.

Game seed: 9908508316138238272

111933 Destapler the Severer (level 16, -2/141 HPs)
             Began as a Hill Orc Monk on Dec 21, 2020.
             Was the Champion of Beogh.
             Killed from afar by a thorn hunter (19 damage)
             ... with a volley of thorns
             ... on level 1 of the Swamp.
             The game lasted 04:24:21 (36478 turns).

Destapler the Severer (Hill Orc Monk)              Turns: 36478, Time: 04:24:22

Health: -2/141     AC: 17    Str: 24    XL:     16   Next: 59%
Magic:  32/34      EV: 12    Int: 14    God:    Beogh [******]
Gold:   2654       SH: 16    Dex:  9    Spells: 15/17 levels left

rFire    + . .     SeeInvis .   b - +3 flail of Terror {flame, rF+ rC+}
rCold    + . .     Gourm    .   L - +2 kite shield {AC+3}
rNeg     + + .     Faith    +   K - +0 steam dragon scales
rPois    +         Spirit   .   V - +2 hood of the Assassin {Detection Stab+ Stlth++}
rElec    +         Reflect  .   C - +0 cloak
rCorr    +         Harm     .   e - +2 pair of gloves
MR       ++...                  (no boots)
Stlth    +++++.....             x - amulet of faith
HPRegen  0.33/turn              D - ring of Zin's Approval {rElec MR+ Str+3 Int+7 Dex-4}
MPRegen  0.24/turn              U - ring of Xyihib {rPois rN++ rCorr MP+9 Int-3}

@: no status effects
A: walk on water
a: Smiting, Recall Orcish Followers, Give Item to Named Follower, Resurrection,
Renounce Religion


You were on level 1 of the Swamp.
You worshipped Beogh.
Beogh was exalted by your worship.
You were not hungry.

You visited 5 branches of the dungeon, and saw 27 of its levels.
You visited the Abyss 1 time.
You also visited: Bailey.

You collected 2984 gold pieces.
You spent 330 gold pieces at shops.

Inventory:

Hand Weapons
 a - a +4 war axe
 b - the +3 flail of Terror (weapon) {flame, rF+ rC+}
   (You found it on level 7 of the Dungeon)

   It has been specially enchanted to burn those struck by it, causing extra
   injury to most foes and up to half again as much damage against particularly
   susceptible opponents.
   It protects you from fire.
   It protects you from cold.
 H - a +2 flail of holy wrath
Missiles
 d - 6 curare-tipped darts
 g - 45 boomerangs
 h - 67 poisoned darts
 F - 6 silver javelins
 T - 7 javelins
 X - 2 atropa-tipped darts (quivered)
Armour
 e - a +2 pair of gloves (worn)
 C - a +0 cloak (worn)
 K - +0 steam dragon scales (worn)
 L - a +2 kite shield of protection (worn)
 V - the +2 hood of the Assassin (worn) {Detection Stab+ Stlth++}
   (You found it on level 12 of the Dungeon)

   It makes you much more stealthy.
Jewellery
 o - an uncursed ring of protection from magic
 x - an amulet of faith (around neck)
 z - an uncursed ring of protection from cold
 D - the ring of Zin's Approval (left hand) {rElec MR+ Str+3 Int+7 Dex-4}
   (You found it on level 4 of the Dungeon)

   [ring of protection from magic]

   It affects your strength (+3).
   It affects your intelligence (+7).
   It affects your dexterity (-4).
   It insulates you from electricity.
   It affects your resistance to hostile enchantments.
 E - an uncursed ring of flight
 U - the ring of Xyihib (right hand) {rPois rN++ rCorr MP+9 Int-3}
   (You found it on level 6 of the Lair of Beasts)

   [ring of resist corrosion]

   It affects your intelligence (-3).
   It protects you from poison.
   It greatly protects you from negative energy.
   It affects your magic capacity (+9).
   It provides partial protection from all sources of acid and corrosion.
Wands
 m - a wand of flame (14)
 n - a wand of digging (9)
 r - a wand of polymorph (17)
 w - a wand of iceblast (5)
 O - a wand of disintegration (28)
 S - a wand of enslavement (27)
Scrolls
 i - 15 scrolls of remove curse
 j - 11 scrolls of teleportation
 l - a scroll of amnesia
 y - 2 scrolls of enchant weapon
 A - 4 scrolls of enchant armour
 B - 2 scrolls of magic mapping
 G - a scroll of immolation
 I - 2 scrolls of blinking
 J - 2 scrolls of fog
 M - a scroll of fear
 N - 4 scrolls of identify
 Q - 2 scrolls of summoning
 R - a scroll of silence {unknown}
Potions
 f - 9 potions of curing
 k - 8 potions of stabbing
 p - 4 potions of haste
 q - 3 potions of cancellation
 s - 2 potions of resistance
 t - 4 potions of lignification
 v - 3 potions of mutation
 P - a potion of invisibility
 W - a potion of brilliance
 Z - 2 potions of flight
Comestibles
 c - 41 rations


   Skills:
 - Level 12.9 Fighting
 - Level 16.7 Axes
 - Level 6.0 Throwing
 - Level 12.0 Armour
 - Level 3.0 Dodging
 - Level 5.0 Stealth
 - Level 15.5 Shields
 + Level 1.0 Spellcasting
 + Level 1.1 Translocations
 - Level 13.1 Invocations
 - Level 8.0 Evocations


You had 15 spell levels left.
You knew the following spells:

 Your Spells              Type           Power        Failure   Level  Hunger
B - Blink                 Tloc           N/A          24%         2    ###....

Your spell library contained the following spells:

 Spells                   Type           Power        Failure   Level  Hunger
 Apportation              Tloc           #.....       16%         1    ##.....
 Animate Skeleton         Necr           N/A          26%         1    ##.....
 Beastly Appendage        Tmut           #.....       26%         1    ##.....
 Corona                   Hex            #......      26%         1    ##.....
 Magic Dart               Conj           #...         26%         1    ##.....
 Shock                    Conj/Air       #...         26%         1    ##.....
 Sting                    Tmut/Pois      #...         26%         1    ##.....
 Summon Small Mammal      Summ           #...         26%         1    ##.....
 Shroud of Golubria       Chrm/Tloc      #.....       30%         2    ###....
 Ensorcelled Hibernation  Hex/Ice        #.....       36%         2    ###....
 Poisonous Vapours        Pois/Air       #.....       36%         2    ###....
 Sticks to Snakes         Tmut           #.......     36%         2    ###....
 Sublimation of Blood     Necr           #.........   36%         2    ###....
 Gell's Gravitas          Tloc           #.........   43%         3    ####...
 Lesser Beckoning         Tloc           #.........   43%         3    ####...
 Teleport Other           Tloc           #.......     43%         3    ####...
 Portal Projectile        Hex/Tloc       #.....       52%         3    ####...
 Recall                   Summ/Tloc      N/A          52%         3    ####...
 Confusing Touch          Hex            #.......     61%         3    ####...
 Dazzling Flash           Conj/Hex       #.....       61%         3    ####...
 Ignite Poison            Fire/Tmut/Pois #.......     61%         3    ####...
 Mephitic Cloud           Conj/Pois/Air  #.......     61%         3    ####...
 Spider Form              Tmut/Pois      #.........   61%         3    ####...
 Tukima's Dance           Hex            #.......     61%         3    ####...
 Passage of Golubria      Tloc           N/A          85%         4    #####..
 Ice Form                 Ice/Tmut       #.......     95%         4    #####..
 Olgreb's Toxic Radiance  Pois           #.......     95%         4    #####..
 Petrify                  Tmut/Erth      #.......     95%         4    #####..
 Summon Forest            Summ/Tloc      #.........   99%         5    ######.
 Alistair's Intoxication  Tmut/Pois      #.......     100%        5    ######.
 Aura of Abjuration       Summ           #.........   100%        5    ######.
 Blade Hands              Tmut           #.........   100%        5    ######.
 Borgnjor's Vile Clutch   Necr/Erth      #.........   100%        5    ######.
 Irradiate                Conj/Tmut      #.........   100%        5    ######.
 Silence                  Hex/Air        #.........   100%        5    ######.
 Summon Demon             Summ           #.........   100%        5    ######.
 Summon Mana Viper        Hex/Summ       #.......     100%        5    ######.
 Conjure Ball Lightning   Conj/Air       #.........   100%        6    #######
 Darkness                 Hex            #.........   100%        6    #######
 Dispersal                Tloc           #.........   100%        6    #######
 Eringya's Noxious Bog    Tmut/Pois      #.........   100%        6    #######
 Shadow Creatures         Summ           N/A          100%        6    #######
 Controlled Blink         Tloc           N/A          100%        8    #######
 Disjunction              Tloc           #.........   100%        8    #######


Dungeon Overview and Level Annotations

Branches:
Dungeon (15/15)            Temple (0/1) D:6            Lair (6/6) D:10
  Swamp (1/4) Lair:3       Spider (3/4) Lair:3        Slime (0/5) Lair:6
    Orc (2/2) D:12            Elf (0/3) Orc:2        Vaults (0/5) D:13
 Depths (0/5) D:15         Bailey (visited)

Altars:
Ashenzari
Cheibriados
Dithmenos
Elyvilon
Hepliaklqana
Trog
Vehumet
Beogh

Shops:
D:9 (   D:10 (=   D:13 *   D:15 %!   Orc:1 :   Orc:2 :[}(=

Portals:
Trove: D:10 (show slimy rune of Zot)


Message History

The thorn hunter hits you!
* * * LOW HITPOINT WARNING * * *
The +3 flail of Terror {flame, rF+ rC+} bursts into flame!
b - the +3 flail of Terror (weapon)
{flame, rF+ rC+} You hit the thorn hunter.
You burn the thorn hunter.
The thorn hunter is heavily damaged.
The thorn hunter fires a volley of thorns at you.
You block the volley of thorns.
You hit the thorn hunter. You burn the thorn hunter.
The thorn hunter is heavily damaged.
The thorn hunter hits you.
* * * LOW HITPOINT WARNING * * *
The thorn hunter hits you but does no damage.
You block the thorn hunter's attack.
The thorn hunter hits you but does no damage.
You sock the thorn hunter! You burn the thorn hunter.
The thorn hunter is heavily damaged.
The thorn hunter fires a volley of thorns at you.
The volley of thorns hits you!!
You die...

♣.≈≈≈.≈.♣♣ ♣.
♣≈≈≈.
♣.≈≈≈≈≈..♣ ♣.
.♣..
♣.♣≈≈≈≈≈.♣♣♣.
.(!♣
♣.≈≈.....♣♣..
♣..♣
♣.≈..♣♣...♣.♣
≈.≈≈. ♣.≈♣
♣...♣♣♣♣..♣÷♣
♣≈≈≈.≈≈≈.♣
♣.≈♣ ♣≈≈♣♣
♣.≈.♣.♣
♣≈≈....≈.♣
♣f.♣ ♣.≈♣
♣♣§≈..♣
...♣♣.≈.♣ ♣P@♣
♣..♣ ♣♣≈♣♣♣
♣..♣♣.≈.♣
♣.P♣♣ ♣..♣
♣.♣♣.
♣♣..♣♣≈..♣
♣.≈≈♣ ♣≈≈♣
♣.♣≈≈
♣♣..≈♣♣.≈.♣
♣..♣♣ ♣≈≈♣
♣.≈≈♣
♣....♣♣≈≈.♣
♣..♣ ♣♣≈≈♣
♣♣..♣
..≈...♣.≈.♣♣
♣.≈♣♣♣.≈.♣
♣♣.♣♣
≈≈≈.....≈..♣
♣.≈♣..≈≈≈♣♣
♣..♣
≈≈≈≈≈≈≈≈≈≈.♣
♣♣...≈≈≈...♣♣
♣..♣
.≈.≈≈≈≈≈.≈.♣
♣≈^≈...≈≈≈..♣♣
♣..♣


You could see a thorn hunter.

Vanquished Creatures
  Arachne (Spider:2)
  Rupert (D:14)
  A tentacled starspawn (Abyss:2)
  An entropy weaver (Spider:3)
  A dire elephant (Lair:6)
  4 vault guards (D:13)
  A rakshasa (D:14)
  4 hydras
  A ghost crab (Swamp:1)
  An anaconda (Lair:6)
  3 catoblepae
  6 two-headed ogres
  4 alligators
  A death yak (Lair:4)
  2 centaur warriors (D:15)
  A thrashing horror (Abyss:2)
  An ogre mage (D:15)
  A deep elf knight (Bailey)
  2 tengu warriors
  A spriggan (Swamp:1)
  A sixfirhy (Abyss:2)
  An orc knight (Orc:1)
  3 orb spiders (Spider:2)
  7 wolf spiders
  2 ugly things
  9 deep elf magi
  A cyclops (D:15)
  A manticore (D:12)
  3 orc sorcerers (Orc:2)
  A large abomination (Abyss:2)
  A moth of wrath (Spider:3)
  6 elephants
  A black mamba (Lair:1)
  Psyche (D:8)
  A guardian serpent (D:15)
  8 spiny frogs
  Maggie (D:6)
  A rime drake (Lair:5)
  A kobold demonologist (D:14)
  An efreet (D:13)
  A demonic crawler (Spider:1)
  3 komodo dragons
  3 trolls
  A tengu conjurer (D:14)
  A queen bee (Lair:5)
  13 jumping spiders
  5 hornets
  Grinder (D:6)
  A dream sheep (Lair:6)
  4 tyrant leeches (Swamp:1)
  2 raiju (Abyss:2)
  4 hippogriffs
  A bog body (Swamp:1)
  26 redbacks
  A human (D:10)
  9 tarantellas
  3 wraiths
  A fire elemental (Spider:1)
  2 hogs (D:10)
  A wyvern (D:11)
  15 yaks
  2 basilisks
  Eustachio (D:4)
  A steam dragon (D:11)
  3 swamp worms (Swamp:1)
  3 wargs
  10 insubstantial wisps
  An acid dragon (D:14)
  A hell hound (Spider:1)
  16 water moccasins
  5 porcupines
  An ice beast (D:9)
  3 swamp drakes (Swamp:1)
  3 sky beasts
  2 black bears (D:6)
  A hornet zombie (D:15)
  A necrophage (D:7)
  9 ogres
  2 slaves (D:7)
  8 orc warriors
  An eye of draining (D:11)
  10 wolves
  19 centaurs
  3 crocodiles
  A big kobold (D:8)
  A gnoll sergeant (D:13)
  12 bullfrogs
  2 scorpions
  A water moccasin skeleton (D:8)
  11 killer bees
  4 wights
  7 electric eels
  5 howler monkeys
  4 crimson imps
  3 hounds
  A bullfrog skeleton (D:9)
  7 orc priests
  A gnoll shaman (D:6)
  21 orc wizards
  3 centaur skeletons
  Natasha (thrice) (D:3)
  3 iguanas
  5 worker ants
  A worker ant zombie (D:5)
  7 gnolls
  A howler monkey skeleton (D:10)
  16 adders
  A shadow imp (D:8)
  2 adder zombies
  3 adder skeletons
  5 worms
  A dart slug (D:1)
  6 leopard geckos
  10 orcs
  2 ball pythons
  3 giant cockroaches
  6 goblins
  7 hobgoblins
  16 jackals
  5 quokkas
  7 bats
  2 frilled lizards
  A jackal skeleton (D:6)
  10 kobolds
  A quokka zombie (D:5)
  4 rats
  3 plants
508 creatures vanquished.

Vanquished Creatures (collateral kills)
  A ghost moth (Spider:2)
  An orc high priest (Swamp:1)
  An emperor scorpion (Spider:3)
  5 dire elephants (Lair:6)
  Azrael (Spider:1)
  An ettin (Orc:2)
  Josephine (D:12)
  3 hydras
  The ghost of Tyszek the Imperceptible, a journeyman SpEn of Ashenzari (Orc:1)
  2 two-headed ogres
  2 orc knights (Swamp:1)
  A queen ant (Spider:3)
  Urug (Lair:6)
  Sonja (Lair:2)
  Nergalle (Lair:2)
  A lindwurm (Lair:6)
  An unseen horror (D:13)
  10 wolf spiders
  2 ugly things
  2 deep elf magi (Bailey)
  2 oklob plants (Lair:3)
  Pikel (D:7)
  4 orb spiders
  3 manticores
  2 cyclopes
  A moth of wrath (Spider:1)
  2 black mambas
  10 elephants
  3 centaur zombies
  A torpor snail (Spider:1)
  3 spiny frogs
  3 komodo dragons
  3 demonic crawlers
  19 jumping spiders
  A harpy zombie (D:13)
  3 meliai (Lair:5)
  A jumping spider (shapeshifter) (D:13)
  A bog body (Lair:3)
  A queen bee (shapeshifter) (D:13)
  3 trolls
  5 dream sheep (Lair:6)
  3 hippogriffs
  36 redbacks
  10 tarantellas (Spider:3)
  10 yaks
  A vampire (D:13)
  4 wraiths (D:12)
  A hog (D:10)
  A water elemental (D:14)
  4 hungry ghosts
  4 fire elementals (Spider:1)
  A basilisk (Lair:6)
  5 wargs (Orc:2)
  2 porcupines (Lair:1)
  16 water moccasins
  2 hell hounds (Spider:1)
  2 slaves (D:7)
  4 ice beasts
  2 black bears
  9 orc warriors
  7 ogres
  A phantom (D:13)
  5 wolves
  A boggart (D:13)
  A necrophage (D:10)
  10 centaurs
  4 crocodiles
  9 bullfrogs
  A wyvern skeleton (D:13)
  13 killer bees
  6 wights
  An electric eel (Lair:3)
  3 howler monkeys (D:12)
  3 bullfrog zombies
  3 crimson imps
  4 jellies
  6 hounds
  4 orc priests (Orc:2)
  2 centaur skeletons
  18 orc wizards
  An iguana (D:12)
  4 worker ants
  A killer bee zombie (D:8)
  A hound skeleton (D:6)
  2 gnolls (D:13)
  A howler monkey zombie (D:6)
  9 adders
  2 shadow imps
  An adder skeleton (D:8)
  A worm (D:6)
  A leopard gecko (D:10)
  21 orcs
  5 jackals
  A frilled lizard (D:5)
  3 kobolds (D:12)
  2 bushes (Lair:6)
  37 fungi
  47 plants
470 creatures vanquished.

Vanquished Creatures (others)
  A fire giant (D:15)
  5 orc knights
  An orc high priest (Spider:2)
  3 orc sorcerers
  7 orc warriors
  An eye of draining (Abyss:2)
  A big kobold (D:12)
  7 orc priests
  A killer bee (Lair:5)
  17 orc wizards
  2 gnolls (D:7)
  An ufetubus (Abyss:2)
  A dart slug (D:2)
  56 orcs
  A kobold (D:12)
  2 rats (D:2)
  A briar patch (Swamp:1)
  A bush (Lair:6)
  3 fungi
  A lurking horror (Abyss:2)
  7 plants
  4 starspawn tentacles (Abyss:2)
124 creatures vanquished.

Grand Total: 1102 creatures vanquished

Notes
Turn   | Place    | Note
-------+----------+-------------------------------------------
     0 | D:1      | Destapler the Hill Orc Monk began the quest for the Orb.
     0 | D:1      | Reached XP level 1. HP: 19/19 MP: 1/1
   240 | D:1      | Reached XP level 2. HP: 21/27 MP: 2/2
   752 | D:2      | Reached skill level 1 in Armour
   770 | D:2      | Reached XP level 3. HP: 25/33 MP: 3/3
   860 | D:2      | Became a worshipper of Beogh the Brigand
   860 | D:2      | Reached * piety under Beogh
   860 | D:2      | Reached ** piety under Beogh
  1044 | D:2      | Reached skill level 1 in Throwing
  1398 | D:2      | Reached XP level 4. HP: 33/40 MP: 4/4
  1969 | D:3      | Found a snail-covered altar of Cheibriados.
  2147 | D:3      | Found a shadowy altar of Dithmenos.
  2443 | D:3      | Found a radiant altar of Vehumet.
  2468 | D:3      | Noticed Natasha
  2483 | D:3      | Killed Natasha
  2745 | D:3      | Noticed Natasha
  2758 | D:3      | Killed Natasha
  2758 | D:3      | Reached skill level 1 in Invocations
  2758 | D:3      | Reached XP level 5. HP: 19/47 MP: 5/5
  2761 | D:3      | Reached skill level 5 in Axes
  2763 | D:3      | Reached *** piety under Beogh
  2794 | D:3      | Reached skill level 1 in Evocations
  2805 | D:3      | Noticed Natasha
  2809 | D:3      | Killed Natasha
  3235 | D:4      | Reached XP level 6. HP: 52/53 MP: 7/7
  3279 | D:4      | Got a steaming wooden ring
  3316 | D:4      | Identified the ring of Zin's Approval {rElec MR+ Str+3
                  | Int+7 Dex-4} (You found it on level 4 of the Dungeon)
  3348 | D:4      | Noticed Eustachio
  3386 | D:4      | Killed Eustachio
  3386 | D:4      | Reached skill level 5 in Fighting
  3629 | D:4      | Reached XP level 7. HP: 51/61 MP: 7/9
  4080 | D:5      | Entered Level 5 of the Dungeon
  4483 | D:5      | Found a shattered altar of Ashenzari.
  4721 | D:5      | Gained Bogwik as an ally
  4814 | D:5      | Reached **** piety under Beogh
  4814 | D:5      | Reached skill level 6 in Axes
  5150 | D:6      | Found a staircase to the Ecumenical Temple.
  5194 | D:6      | Reached skill level 1 in Shields
  5194 | D:6      | Reached XP level 8. HP: 27/69 MP: 10/10
  5212 | D:6      | Your ally Bogwik died
  5214 | D:6      | Gained Alork as an ally
  5635 | D:6      | Found a bloodstained altar of Trog.
  5784 | D:6      | Noticed Maggie
  5795 | D:6      | Killed Maggie
  5795 | D:6      | Reached skill level 7 in Axes
  5795 | D:6      | Reached skill level 5 in Invocations
  5795 | D:6      | Reached XP level 9. HP: 30/78 MP: 8/12
  6190 | D:6      | Reached skill level 5 in Armour
  6196 | D:6      | Noticed Grinder
  6204 | D:6      | Killed Grinder
  6551 | D:7      | Got a crude flail
  6573 | D:7      | Found a white marble altar of Elyvilon.
  6573 | D:7      | Found a shadowy altar of Dithmenos.
  6865 | D:7      | Identified the +3 flail of Terror {flame, rF+ rC+} (You
                  | found it on level 7 of the Dungeon)
  7021 | D:7      | Noticed Pikel
  7025 | D:7      | Killed Pikel
  7025 | D:7      | Reached skill level 8 in Axes
  7391 | D:8      | Noticed Psyche
  7392 | D:8      | Reached XP level 10. HP: 88/88 MP: 11/15
  7397 | D:8      | Killed Psyche
  7397 | D:8      | Reached skill level 5 in Shields
  7548 | D:8      | Reached skill level 9 in Axes
  8167 | D:9      | Found Nockuici's Antique Weapon Boutique.
  8628 | D:9      | Reached skill level 10 in Axes
  9200 | D:10     | Entered Level 10 of the Dungeon
  9247 | D:10     | Found a staircase to the Lair.
  9594 | D:10     | Reached ***** piety under Beogh
  9887 | D:10     | Reached XP level 11. HP: 61/95 MP: 17/17
 10179 | D:10     | Found a portal to a secret trove of treasure.
 10250 | D:10     | Found Wulli's Weapon Shoppe.
 10258 | D:10     | Bought 16 poisoned darts for 70 gold pieces
 10259 | D:10     | Found Celunnon's Jewellery Shoppe.
 10811 | D:10     | Reached skill level 11 in Axes
 11354 | D:11     | Noticed a purple ugly thing
 11364 | D:11     | Killed a purple ugly thing
 11465 | D:11     | Noticed a cyclops
 11476 | D:11     | Killed a cyclops
 12044 | D:11     | Noticed a two-headed ogre
 12045 | D:11     | Killed a two-headed ogre
 12244 | D:12     | Noticed a catoblepas
 12244 | D:12     | Noticed a catoblepas
 12244 | D:12     | Noticed a manticore
 12244 | D:12     | Noticed a manticore
 12313 | D:12     | Killed a catoblepas
 12453 | Lair:1   | Entered Level 1 of the Lair of Beasts
 12460 | Lair:1   | Reached skill level 10 in Invocations
 13096 | D:12     | Killed a manticore
 13107 | D:12     | Killed a catoblepas
 13107 | D:12     | Reached skill level 10 in Fighting
 13111 | D:12     | Killed a manticore
 13409 | D:12     | Reached XP level 12. HP: 106/106 MP: 19/19
 13439 | D:12     | Found the +2 hood of the Assassin {Detection Stab+ Stlth++}
 13502 | D:12     | Reached skill level 12 in Axes
 13587 | D:12     | Noticed Josephine
 13595 | D:12     | Killed Josephine
 14142 | D:12     | Found a staircase to the Orcish Mines.
 14723 | D:13     | Gained Ogrik as an ally
 14849 | D:13     | Noticed a catoblepas
 14852 | D:13     | Killed a catoblepas
 14884 | D:13     | Noticed an eight-headed hydra
 14893 | D:13     | Killed an eight-headed hydra
 14975 | D:13     | Found Cumeasmu's Assorted Antiques.
 14992 | D:13     | You fall into a shaft and drop 2 floors!
 14992 | D:15     | Entered Level 15 of the Dungeon
 14999 | D:15     | Your ally Ogrik died
 15064 | D:15     | Found Cekammam's Food Shoppe.
 15112 | D:15     | Noticed a tengu warrior
 15117 | D:15     | Noticed a fire giant
 15121 | D:15     | Killed a tengu warrior
 15126 | D:15     | Killed a fire giant
 15640 | D:15     | Found a staircase to the Depths.
 15682 | D:15     | Found Plog's Distillery.
 15699 | D:15     | Bought a potion of haste for 130 gold pieces
 15699 | D:15     | Bought a potion of heal wounds for 65 gold pieces
 15699 | D:15     | Bought a potion of heal wounds for 65 gold pieces
 15757 | D:15     | Reached skill level 13 in Axes
 15827 | D:14     | Noticed a rakshasa
 15890 | D:14     | Reached XP level 13. HP: 114/116 MP: 21/21
 16310 | D:13     | Noticed a vault guard
 16313 | D:13     | Noticed a vault guard
 16314 | D:13     | Killed a vault guard
 16323 | D:13     | Noticed a vault guard
 16324 | D:13     | Killed a vault guard
 16338 | D:13     | Noticed a vault guard
 16343 | D:13     | Killed a vault guard
 16346 | D:13     | Reached skill level 10 in Armour
 16346 | D:13     | Reached skill level 10 in Shields
 16357 | D:13     | Killed a vault guard
 16692 | D:13     | Found a gate to the Vaults.
 16967 | Orc:1    | Entered Level 1 of the Orcish Mines
 17132 | Orc:1    | Found a transporter.
 17208 | Orc:1    | Found a flagged portal.
 17217 | Bailey   | Entered a bailey
 17619 | Bailey   | Reached skill level 5 in Evocations
 17635 | Bailey   | Identified the Papyrus of Confrontation
 17858 | Orc:1    | Noticed Tyszek's ghost (journeyman SpEn)
 17994 | Orc:1    | Found a transporter.
 18163 | Orc:1    | Reached skill level 5 in Throwing
 18171 | Orc:1    | Killed Tyszek's ghost
 18473 | Orc:2    | Entered Level 2 of the Orcish Mines
 18800 | Orc:2    | Noticed an ettin
 18808 | Orc:2    | Killed an ettin
 19026 | Orc:2    | Found a staircase to the Elven Halls.
 19135 | Orc:2    | Found Dokehe's Book Shoppe.
 19166 | Orc:2    | Found Eptenkua's Antique Armour Boutique.
 19167 | Orc:2    | Found Ziploc's Gadget Emporium.
 19204 | Orc:2    | Gained Olfik as an ally
 19220 | Orc:2    | Found a roughly hewn altar of Beogh.
 19262 | Orc:2    | Found Ogevifur's Weapon Boutique.
 19262 | Orc:2    | Found Uczoukh's Jewellery Emporium.
 20065 | Lair:1   | Reached XP level 14. HP: 110/126 MP: 23/23
 20284 | Lair:2   | Noticed Nergalle
 20331 | Lair:2   | Noticed Sonja
 20341 | Lair:2   | Cast into level 2 of the Abyss (Sonja)
 20476 | Abyss:2  | Noticed a black draconian
 20570 | Abyss:2  | Got a bronze scale mail
 20639 | Abyss:2  | Noticed a tentacled starspawn
 20726 | Abyss:2  | Identified the +1 scale mail of Feeboost {rPois rC+ Str-5
                  | Dex+2} (You found it on level 2 of the Abyss)
 20741 | Abyss:2  | Killed a tentacled starspawn
 20741 | Abyss:2  | Reached skill level 14 in Axes
 21019 | Abyss:2  | Noticed a tentacled starspawn
 21023 | Lair:2   | Escaped the Abyss
 21025 | Lair:2   | Killed Sonja
 21300 | Lair:2   | Killed Nergalle
 21986 | Lair:3   | Found a hole to the Spider Nest.
 22004 | Lair:3   | Gained Bolgrim as an ally
 22339 | Lair:3   | Gained Bogbrand as an ally
 22432 | Lair:3   | Reached skill level 5 in Stealth
 22469 | Lair:3   | Found a staircase to the Swamp.
 24026 | Lair:5   | HP: 2/126 [meliai/+0 hand axe (8)]
 24026 | Lair:5   | Reached ****** piety under Beogh
 24492 | Lair:5   | Your ally Bogbrand died
 25616 | Lair:6   | Entered Level 6 of the Lair of Beasts
 25622 | Lair:6   | Found a staircase to the Slime Pits.
 25652 | Lair:6   | Your ally Olfik died
 25828 | Lair:6   | Reached skill level 15 in Axes
 25946 | Lair:6   | Noticed Urug
 25958 | Lair:6   | Killed Urug
 26305 | Lair:6   | Reached XP level 15. HP: 119/132 MP: 24/24
 27079 | Lair:6   | Got a twitching glass ring
 27088 | Lair:6   | Identified the ring of Xyihib {rPois rN++ rCorr MP+9 Int-3}
                  | (You found it on level 6 of the Lair of Beasts)
 27629 | Spider:1 | Entered Level 1 of the Spider Nest
 27658 | Spider:1 | Noticed Azrael
 27663 | Spider:1 | Killed Azrael
 27663 | Spider:1 | Gained Ognian as an ally
 27673 | Spider:1 | Your ally Ognian died
 27918 | Spider:1 | Gained Berold as an ally
 28703 | Spider:2 | Reached skill level 16 in Axes
 28980 | Spider:2 | Your ally Olfik died
 28986 | Spider:2 | Noticed Arachne
 29000 | Spider:2 | Killed Arachne
 29495 | Spider:2 | Found the +7 great mace "Firestarter" {inner flame, rF++}
 29993 | Spider:2 | Killed a ghost moth
 30404 | Spider:2 | You fall into a shaft and drop 1 floor!
 30423 | Spider:3 | Your ally Berold died
 30763 | Spider:3 | Gained Orkwin as an ally
 30776 | Spider:3 | Your ally Orkwin died
 31000 | Spider:3 | Got a smelly ring mail
 31011 | Spider:3 | Identified the cursed +1 ring mail of Parlour Games {rF-
                  | Int+6} (You found it on level 3 of the Spider Nest)
 31112 | Spider:3 | Noticed an emperor scorpion
 31136 | Spider:3 | Noticed an emperor scorpion
 31151 | Spider:3 | Killed an emperor scorpion
 31486 | Spider:3 | an emperor scorpion changed into a queen ant
 31492 | Spider:3 | Reached skill level 15 in Shields
 31928 | Spider:3 | Reached XP level 16. HP: 139/139 MP: 25/25
 32707 | Swamp:1  | Entered Level 1 of the Swamp
 32731 | Swamp:1  | Your ally Bolgrim died
 32732 | Swamp:1  | Your ally Alork died
 32966 | D:14     | Noticed Rupert
 33009 | D:14     | Killed Rupert
 36043 | Swamp:1  | Learned a level 2 spell: Blink
 36075 | Swamp:1  | Found a hazy altar of Hepliaklqana.
 36227 | Swamp:1  | Reached skill level 1 in Spellcasting
 36227 | Swamp:1  | Reached skill level 1 in Translocations
 36464 | Swamp:1  | Noticed a thorn hunter
 36478 | Swamp:1  | Killed from afar by a thorn hunter

Illustrated notes

Levels and vault maps discovered:
D:1:      psy_arrival_whirlpool, layout_basic
D:2:      cheibrodos_pilgrimage, layout_loops_ring
D:3:      layout_basic, cheibriados_altar_1, lemuel_doored_altar,
          kennysheep_small_spiral, nicolae_dithmenos_through_a_glass_darkly,
          uniq_natasha
D:4:      layout_rooms, uniq_eustachio
D:5:      layout_layer_cave, ashenzari_conservatory_becter, first_ration,
          skrybe_limestone_x, minmay_checkerbox
D:6:      layout_rooms, trog_ov_bears_minmay,
          minmay_temple_entry_statues_pillars, serial_rivers,
          chequers_serial_rivers_large_a, chequers_serial_rivers_micro_b,
          chequers_serial_rivers_micro_d, chequers_serial_rivers_micro_e,
          chequers_serial_rivers_small_3, uniq_grinder, uniq_maggie
D:7:      layout_basic, chequers_temple_overflow_statue_of_worship, uniq_pikel
D:8:      layout_rooms, uniq_psyche
D:9:      layout_layer_cave, serial_shops, nicolae_shop_overgrown_old_shop
D:10:     lemuel_reptile_caves, layout_basic, erik_lair_island, serial_shops,
          shop_statue, nicolae_shop_statue_plus, enter_trove_1, grunt_livestock,
          chequers_serial_rivers_micro_e
D:11:     layout_cave_pools
D:12:     nzn_motion_control, layout_long_grid, orc_0_dummy, uniq_josephine
D:13:     layout_basic, lightli_vaults_fourway_checkpoint, serial_shops, shop,
          drop_trap
D:14:     layout_basic, hangedman_decor_points, uniq_rupert
D:15:     grunt_enter_depths_giant_problem, layout_basic, serial_shops, shop,
          nicolae_shop_statue_plus, nrook_guardian_serpent_ordinary
Lair:1:   layout_gridlike, minivault_11, cheibrodos_lair_reptile_den
Lair:2:   layout_misc_corridors, gauntlet_entry_generic, uniq_nergalle,
          uniq_sonja
Lair:3:   layout_hall_layers, skrybe_swamp_entry_bodies,
          nicolae_spider_entry_tight_spaces, minivault_27, serial_bayou_shore_a,
          minmay_lair_oklob_chamber
Lair:4:   layout_roguey, st_stairs_11, chequers_serial_rivers_micro_d
Lair:5:   layout_roguey [special_room_bee], grunt_megastairs_5
Lair:6:   due_jungle_book, layout_loops_ring, nicolae_slime_entry_slimehenge,
          infiniplex_staircase_pool_2, uniq_urug
Swamp:1:  layout_falls_marsh, nicolae_swamp_godswood, swamp_pool1
Spider:1: layout_spider_delve, guppyfry_spider_mini_2, uniq_azrael
Spider:2: layout_spider_delve, nicolae_spider_cling_ruins, uniq_arachne
Spider:3: layout_spider_delve, hangedman_spider_mandibles
Orc:1:    layout_caves, gammafunk_ghost_arena, enter_bailey_8
Orc:2:    st_orc_town, layout_diamond_mine, serial_shops,
          nicolae_shop_statue_plus

Skill      XL: |  1  2  3  4  5  6  7  8  9 10 11 12 13 14 15 16 |
---------------+-------------------------------------------------+-----
Armour         | 1 2 3 4 6 8 9 10 11 12 | 12.0
Stealth        | 2 4 5 |  5.0
Fighting       | 4 5 6 7 8 10 11 12 | 12.9
Throwing       | 1 2 3 4 5 6 |  6.0
Invocations    | 1 2 3 5 7 8 10 11 12 13 | 13.1
Axes           | 5 6 7 8 10 11 13 15 16 | 16.7
Evocations     | 1 2 3 4 5 7 8 |  8.0
Shields        | 1 3 4 6 8 9 10 11 15 | 15.5
Dodging        | 3 |  3.0
Spellcasting   | 1 |  1.0
Translocations | 1 |  1.1

Action                   |  1- 3 |  4- 6 |  7- 9 | 10-12 | 13-15 | 16-18 || total
-------------------------+-------+-------+-------+-------+-------+-------++-------
Melee: Hand axe          |   133 |   204 |   160 |       |       |       ||   497
       War axe           |       |       |    72 |   174 |   847 |   258 ||  1351
       Flail             |       |       |    53 |   174 |    43 |    11 ||   281
       Broad axe         |       |       |       |       |    16 |       ||    16
Throw: Dart              |       |       |       |    18 |    35 |    12 ||    65
       Boomerang         |       |       |       |       |    13 |    16 ||    29
       Javelin           |       |       |       |       |     5 |       ||     5
Invok: Convert to Beogh  |     1 |       |       |       |       |       ||     1
       Smiting           |       |       |    10 |    29 |    28 |     6 ||    73
       Recall Orcish Fol |       |       |     1 |    10 |    28 |     1 ||    40
       Give Item to Name |       |       |       |     2 |     3 |       ||     5
       Resurrection      |       |       |       |       |     1 |       ||     1
Evoke: Wand              |       |       |     1 |     2 |    14 |    17 ||    34
  Use: Scroll            |       |     3 |     6 |    12 |    13 |       ||    34
       Potion            |       |     3 |     2 |     2 |    12 |     2 ||    21
 Stab: Sleeping          |     4 |     1 |       |     7 |    18 |     4 ||    34
       Distracted        |       |       |     2 |     4 |    15 |     1 ||    22
       Invisible         |       |       |       |     1 |     1 |       ||     2
       Confused          |       |       |       |       |     1 |     2 ||     3
       Paralysed         |       |       |       |       |     1 |       ||     1
  Eat: Chunk             |     2 |     7 |    12 |    21 |    25 |     6 ||    73
       Ration            |       |       |       |     2 |     7 |     3 ||    12
Armor: Robe              |    38 |     2 |       |       |       |       ||    40
       Ring mail         |       |    41 |       |       |       |       ||    41
       Scale mail        |       |    66 |    96 |       |       |       ||   162
       Steam dragon scal |       |       |    22 |   129 |   339 |    75 ||   565
Dodge: Dodged            |    99 |   134 |   123 |   158 |   357 |    95 ||   966
Block: Kite shield       |       |       |    40 |   242 |   582 |   200 ||  1064
